 Dungeon Crawl Stone Soup version 0.29-a0-100-g60f898f876 (webtiles) character file.

Game seed: 4305583444377603928

114 cyrus the Poker (level 4, -12/37 HPs)
             Began as a Merfolk Fighter on Feb 14, 2022.
             Was a Believer of Wu Jian.
             Mangled by an ogre (25 damage)
             ... on level 3 of the Dungeon.
             The game lasted 00:07:43 (3364 turns).

cyrus the Poker (Merfolk Fighter)                   Turns: 3364, Time: 00:07:44

Health: -12/37     AC: 11    Str: 16    XL:     4   Next: 97%
Magic:  4/4        EV:  4    Int:  9    God:    Wu Jian [**....]
Gold:   84         SH:  0    Dex: 19    Spells: 3/3 levels left

rFire   . . .      SeeInvis .   a - +0 trident
rCold   . . .      Faith    .   j - orb {mayhem}
rNeg    . . .      Spirit   .   h - +0 plate armour
rPois   .          Reflect  .   (no helmet)
rElec   .          Harm     .   (no cloak)
rCorr   .          Rampage  .   (no gloves)
Will    .....                   (no boots)
Stlth   ..........              (no amulet)
HPRegen 0.12/turn               i - +6 ring of dexterity
MPRegen 0.09/turn               (no ring)

@: no status effects
A: (nimble swimmer 2), mertail
a: Renounce Religion, Wall Jump


You were on level 3 of the Dungeon.
You worshipped Wu Jian.
Wu Jian was pleased with you.
You visited 1 branch of the dungeon, and saw 4 of its levels.

You collected 84 gold pieces.

Inventory:

Hand Weapons
 a - a +0 trident (weapon)
Missiles
 l - a throwing net (quivered)
Armour
 b - a +0 scale mail
 c - a +0 buckler
 h - a +0 plate armour (worn)
 j - an orb of mayhem (worn)
Jewellery
 i - a +6 ring of dexterity (left hand)
 m - a ring of positive energy
Wands
 o - a wand of flame (13)
Scrolls
 e - a scroll of noise {unknown}
 f - 3 scrolls of identify {unknown}
 g - 2 scrolls of teleportation {unknown}
 k - a scroll of magic mapping {unknown}
Potions
 n - a potion of flight {unknown}


   Skills:
 + Level 4.0 Fighting
 + Level 5.1 Polearms
 + Level 2.8 Armour
 + Level 0.1 Dodging
 + Level 0.2 Stealth
 + Level 3.3 Shields


You had 3 spell levels left.
You didn't know any spells.
Your spell library was empty.

Dungeon Overview and Level Annotations

Branches:
Dungeon (4/15)
 Temple: D:4-7

Altars:
Cheibriados
Vehumet
Wu Jian

Shops:
D:3 (

Annotations:
D:3 3 runed translucent doors, enile's ghost, amateur DjFE


Innate Abilities, Weirdness & Mutations

((You are very nimble when in or above water. (Stealth+, EV+, Speed+++)))
Your lower body shifts to a powerful aquatic tail in water.


Message History

You start resting.
An ogre comes into view. It is wielding a +0 giant club.
Items here: )) [[ †.
There is a stone staircase leading up here.
You can't go down here!
You climb upwards.
Level annotation: 3 runed translucent doors, enile's ghost, amateur DjFE
There is a stone staircase leading down here.
You feel a little less mighty now.
You see here 21 stones.
There is a stone staircase leading up here.
There is a stone staircase leading up here.
There is an open door here.
There is an escape hatch in the floor here.
HP restored.
Items here: ))) [[.
Things that are here:
15 stones; a +0 club; a +0 hunting sling
Items here: ))) [[.
There is an open door here.
You open the door.
There is an open door here.
There is a stone staircase leading down here.
You climb downwards.
The ogre hits you but does no damage.
There is a stone staircase leading up here.
There are no items here.
The ogre hits you with a +0 giant club!
You climb upwards.
Level annotation: 3 runed translucent doors, enile's ghost, amateur DjFE
There is a stone staircase leading down here.
Aiming: Throw Flame
Press: ? - help, Q - select action, (/) - cycle Shift-Dir - straight line, f - ogre
Aim: an ogre, wielding a +0 giant club (85% to hit)
The puff of flame misses the ogre.
The ogre hits you with a +0 giant club!
Unknown command.
You hit the ogre but do no damage.
The ogre hits you with a +0 giant club!!
Ouch! That really hurt!
You die...

....##........#......b#...#######
♣♣♣.##.......)#########..######..
..♣.##...###...[.................
_.♣.##...#..................###.#
....##...#........#####....(# #.#
######...#........#####.....# #.#
....######....(...#.........# #.#
....# #..(.....#.........# #.#
..#.# #.....O@.'.........# #.#
..#.# #........#.........# #.#
#.#.# ##########.....(.### #.#
#.#.# ######.......# #.# #.#.#
#...##.......# #.# #.#.#
#...##.......# #.# #...#
#...#####....# #.# #####
###...#####....#####.#
#.....'...#..<.'...>..


You could see an ogre.

Vanquished Creatures
  2 adders (D:3)
  4 worms
  8 orcs
  3 bats
  4 endoplasms
  2 giant cockroaches (D:3)
  3 goblins
  9 hobgoblins
  7 jackals
  2 kobolds
  3 quokkas (D:3)
  5 ball pythons
  2 frilled lizards
  3 rats
57 creatures vanquished.

Vanquished Creatures (collateral kills)
  A worm (D:3)
  2 orcs (D:3)
3 creatures vanquished.

Vanquished Creatures (others)
  A worm (D:3)
1 creature vanquished.

Grand Total: 61 creatures vanquished

Notes
Turn   | Place    | Note
-------+----------+-------------------------------------------
     0 | D:1      | cyrus the Merfolk Fighter began the quest for the Orb.
     0 | D:1      | Reached XP level 1. HP: 18/18 MP: 1/1
   268 | D:1      | Reached XP level 2. HP: 24/24 MP: 2/2
   419 | D:1      | Found a faded altar of an unknown god.
   465 | D:1      | Prayed at the altar of an unknown god.
   465 | D:1      | Became a worshipper of the Wu Jian Council
   465 | D:1      | Reached * piety under Wu Jian
   837 | D:2      | Reached XP level 3. HP: 29/30 MP: 3/3
  1583 | D:3      | Found a runed translucent gate.
  1583 | D:3      | Found a runed translucent gate.
  1583 | D:3      | Found a runed translucent gate.
  1586 | D:3      | Noticed enile's ghost (amateur DjFE)
  1609 | D:3      | Reached skill level 4 in Polearms
  1654 | D:3      | Reached XP level 4. HP: 16/37 MP: 4/4
  2221 | D:3      | Found a radiant altar of Vehumet.
  2443 | D:3      | Found a snail-covered altar of Cheibriados.
  2851 | D:3      | Found Ymekug's Antique Weapon Emporium.
  2856 | D:3      | Reached skill level 5 in Polearms
  3084 | D:4      | Reached ** piety under Wu Jian
  3110 | D:4      | Noticed an ogre
  3364 | D:3      | Mangled by an ogre

Illustrated notes

Levels and vault maps discovered:
D:1:      dpeg_arrival_shelter, layout_basic, basic_ecumenical_altar
D:2:      layout_loops_ring
D:3:      layout_basic, lemuel_coloured_pillars_altar,
          mainiacjoe_overflow_alcove_4, serial_shops, shop,
          gammafunk_ghost_split, nicolae_wormholes
D:4:      layout_loops_ring, grunt_temple_overflow_champion_of_chaos,
          nicolae_hepliaklqana_hippocampus, minmay_temple_entry_tees,
          gammafunk_ghost_abyssal_escape

Skill      XL: |  1  2  3  4 |
---------------+-------------+-----
Polearms       | 4 5 |  5.1
Fighting       | 4 |  4.0
Armour         | |  2.8
Dodging        | |  0.1
Stealth        | |  0.2
Shields        | |  3.3

Action                   |  1- 3 |  4- 6 || total
-------------------------+-------+-------++-------
Melee: Trident           |   106 |    81 ||   187
Invok: Whirlwind         |     8 |    10 ||    18
       Lunge             |     3 |     3 ||     6
Evoke: Wand              |       |     1 ||     1
  Use: Potion            |       |     1 ||     1
Armor: Scale mail        |    11 |       ||    11
       Plate armour      |    61 |    54 ||   115
Dodge: Dodged            |    25 |    16 ||    41
Block: Buckler           |    20 |       ||    20

Table legend: (Time is in decaauts)
 A = Elapsed time spent in this place.
 B = Non-inter-level travel time spent in this place.
 C = Inter-level travel time spent in this place.
 D = Time resting spent in this place.
 E = Time spent auto-exploring this place.
 F = Levels seen in this place.
 G = Mean time per level.
                   A        B        C        D        E       F      G
               +--------+--------+--------+--------+--------+-----+--------+
         Total |   3384 |   3065 |    319 |    281 |   2077 |   4 |  846.0 |
       Dungeon |   3384 |   3065 |    319 |    281 |   2077 |   4 |  846.0 |
               +--------+--------+--------+--------+--------+-----+--------+

Top non-repeatable levels by time:
     D:3: 1827 daAuts
     D:1: 819 daAuts
     D:2: 691 daAuts
     D:4: 45 daAuts
